 Dungeon Crawl Stone Soup version 0.29-a0-221-gceb61267dd (webtiles) character file.

Game seed: 13796523068280571526

1962 bande the Chopper (level 9, 0/54 HPs)
             Began as a Gargoyle Fighter on Feb 27, 2022.
             Was a Follower of Okawaru.
             Slain by a killer bee (4 damage)
             ... on level 7 of the Dungeon.
             The game lasted 00:15:13 (10342 turns).

bande the Chopper (Gargoyle Fighter)               Turns: 10342, Time: 00:15:14

Health: 0/54       AC: 21    Str: 19    XL:     9   Next: 19%
Magic:  11/11      EV:  7    Int: 10    God:    Okawaru [*.....]
Gold:   305        SH:  7    Dex: 19    Spells: 8/8 levels left

rFire   . . .      SeeInvis +   a - +1 war axe
rCold   . . .      Faith    .   c - +1 buckler
rNeg    + . .      Spirit   .   l - +0 chain mail
rPois   ∞          Reflect  .   (no helmet)
rElec   +          Harm     .   B - +0 cloak
rCorr   .          Rampage  .   q - +1 pair of gloves
Will    .....                   k - +0 pair of boots
Stlth   ..........              (no amulet)
HPRegen 0.18/turn               n - +6 ring of dexterity
MPRegen 0.12/turn               d - ring of see invisible

@: studying Earth Magic
A: sickness immunity, AC +6, negative energy resistance 1, electricity
resistance, torment resistance 1, petrification resistance, wild magic 1
a: Renounce Religion, Heroism


You were on level 7 of the Dungeon.
You worshipped Okawaru.
Okawaru was aware of your devotion.
You visited 2 branches of the dungeon, and saw 9 of its levels.
You also visited: Sewer.

You collected 305 gold pieces.

Inventory:

Hand Weapons
 a - a +1 war axe (weapon)
 v - a +1 mace of protection
 A - a +1 mace of protection
Armour
 b - the +2 ring mail of Resonance {*Corrode rF+ rC+ Int+3}
   (You found it on level 2 of the Dungeon)

   Int:       It affects your intelligence (+3).
   rF:        It protects you from fire.
   rC:        It protects you from cold.
   *Corrode:  It may corrode you when you take damage.
 c - a +1 buckler (worn)
 k - a +0 pair of boots (worn)
 l - a +0 chain mail (worn)
 q - a +1 pair of gloves (worn)
 s - the +0 pair of gloves of the Sparrow {Dex+2}
   (You found it on level 6 of the Dungeon)

   Dex:       It affects your dexterity (+2).
 B - a +0 cloak (worn)
Jewellery
 d - a ring of see invisible (right hand)
 i - a ring of ice
 n - a +6 ring of dexterity (left hand)
Wands
 g - a wand of iceblast (19)
 t - a wand of digging (4)
 u - a wand of charming (4)
 w - a wand of acid (5)
Scrolls
 e - 8 scrolls of teleportation
 m - 2 scrolls of enchant armour
 x - a scroll of fog
Potions
 f - 2 potions of ambrosia
 h - 3 potions of heal wounds
 j - 2 potions of cancellation
 o - 2 potions of curing
 p - 4 potions of flight
 r - a potion of haste
 z - a potion of brilliance {unknown}
 C - 2 potions of might


   Skills:
 + Level 5.5 Fighting
 + Level 7.0 Axes
 + Level 6.4 Armour
 + Level 5.5 Shields
 * Level 2.9 Invocations
 * Level 3.0 Evocations


You had 8 spell levels left.
You didn't know any spells.
Your spell library contained the following spells:

 Spells                   Type           Power      Damage    Failure   Level
 Beastly Appendage        Tmut           0%         N/A       99%         1
 Magic Dart               Conj           0%         1d3       99%         1
 Pain                     Necr           0%         1d4       99%         1
 Searing Ray              Conj           0%         2d4       100%        2
 Wereblood                Tmut           0%         N/A       100%        2
 Gell's Gravitas          Tloc           0%         N/A       100%        3
 Spider Form              Tmut/Pois      0%         N/A       100%        3
 Teleport Other           Tloc           0%         N/A       100%        3
 Fulminant Prism          Conj/Hex       0%         3d6       100%        4
 Agony                    Necr           0%         N/A       100%        5
 Excruciating Wounds      Necr           0%         N/A       100%        5
 Dispersal                Tloc           0%         N/A       100%        6


Dungeon Overview and Level Annotations

Branches:
Dungeon (8/15)             Temple (1/1) D:5           Sewer (visited)
   Lair: D:8-11

Altars:
Ashenzari
Cheibriados
Dithmenos
Elyvilon
Gozag
Nemelex Xobeh
Okawaru
Ru
Trog
Vehumet
Xom
Yredelemnul

Annotations:
D:7 3 runed translucent doors, spaghetti's ghost, novice NaEE


Innate Abilities, Weirdness & Mutations

You are immune to sickness and miasma.
Your stone body is resilient. (AC +6)
You are immune to poison.
You resist negative energy. (rN+)
You are resistant to electric shocks. (rElec)
You are resistant to unholy torment.
You are immune to petrification.
Your spells are a little harder to cast, but a little more powerful.


Message History

You block the killer bee's attack. The killer bee barely misses you.
The killer bee stings you! The killer bee barely misses you. x2
The killer bee stings you but does no damage.
You block the killer bee's attack. The killer bee barely misses you.
The killer bee stings you but does no damage.
You closely miss the killer bee. You miss the killer bee.
You hit the killer bee. You miss the killer bee.
The killer bee barely misses you.
The killer bee stings you but does no damage. x2
The killer bee stings you. You block the killer bee's attack.
The killer bee stings you. The killer bee closely misses you.
The killer bee stings you but does no damage.
The killer bee barely misses you. The killer bee stings you.
You closely miss the killer bee. x3; You barely miss the killer bee.
The killer bee stings you.
* * * LOW HITPOINT WARNING * * *
You block the killer bee's attack. The killer bee barely misses you.
The killer bee stings you but does no damage.
The killer bee stings you.
* * * LOW HITPOINT WARNING * * *
The killer bee stings you but does no damage. x3
You hit the killer bee.
The killer bee is moderately wounded.
You closely miss the killer bee. You hit the killer bee.
You barely miss the killer bee.
The killer bee stings you but does no damage.
The killer bee barely misses you. You block the killer bee's attack. x3
The killer bee closely misses you.
The killer bee stings you but does no damage. x4
You slash the killer bee!
The killer bee is almost dead.
You hit the killer bee.
You kill the killer bee!
Okawaru accepts your kill.
You hit the killer bee. You slash the killer bee!
The killer bee stings you but does no damage.
The killer bee stings you.
* * * LOW HITPOINT WARNING * * *
The killer bee stings you.
You die...

######.# #....###.....#..#..#.#..
#.# #....'.'........+...#.).
######.# ##...###........+5....$.
#......# #...# ####.....+x..#s$.
#......# #...######.....#SF#.#..
#......# #...##.........#Whs....
.......# ######.........########
.#####.# #..y................ .#
##.# #..@................
'####..#######..yy..###.####.#.#.
..##........#######.###......#.#.
..##..........# #................
..##..........# #.#.##.......#.#.
..##..........# #.#.##...........
..##..........###.#........#.#.#.
..##...........>......#..#.......
..##..................#..#.......


You could see 3 killer bees.

Vanquished Creatures
  A wyvern (D:5)
  Menkaure (D:6)
  A water moccasin (D:6)
  An ice beast (D:7)
  2 necrophages
  A centaur (D:7)
  2 ogres
  A kobold brigand (Sewer)
  2 killer bees
  4 wights
  4 orc priests
  6 hounds
  Crazy Yiuf (D:6)
  An iguana (D:5)
  12 orc wizards
  Terence (D:3)
  A gnoll (D:1)
  2 adders
  2 river rats
  A shadow imp (D:6)
  4 white imps
  An ufetubus (D:7)
  A worm (D:4)
  A dart slug (D:1)
  11 orcs
  5 ball pythons
  7 endoplasms (D:1)
  3 giant cockroaches
  8 goblins
  4 hobgoblins
  9 jackals
  7 kobolds
  3 quokkas
  8 bats
  5 frilled lizards
  3 rats
127 creatures vanquished.

Notes
Turn   | Place    | Note
-------+----------+-------------------------------------------
     0 | D:1      | bande the Gargoyle Fighter began the quest for the Orb.
     0 | D:1      | Reached XP level 1. HP: 14/14 MP: 1/1
    33 | D:1      | Reached skill level 2 in Axes
    33 | D:1      | Reached XP level 2. HP: 10/19 MP: 2/2
   776 | D:1      | Reached XP level 3. HP: 21/23 MP: 3/3
   864 | D:1      | Found a faded altar of an unknown god.
  1687 | D:2      | Reached XP level 4. HP: 28/28 MP: 4/4
  1804 | D:2      | Reached skill level 3 in Axes
  2022 | D:2      | Identified the +2 ring mail of Resonance {*Corrode rF+ rC+
                  | Int+3}
  2348 | D:3      | Reached XP level 5. HP: 21/33 MP: 5/5
  2456 | D:3      | Noticed Terence
  2468 | D:3      | Killed Terence
  2676 | D:3      | Reached skill level 4 in Axes
  2681 | D:3      | Found a glowing drain.
  2685 | Sewer    | Entered a sewer
  2994 | Sewer    | Noticed a kobold brigand
  3070 | Sewer    | Killed a kobold brigand
  3071 | Sewer    | Reached XP level 6. HP: 23/38 MP: 6/6
  3212 | Sewer    | Found a white marble altar of Elyvilon.
  4006 | D:4      | Identified the +1 ring mail of Deseoxt {Dex+4}
  4843 | D:5      | Entered Level 5 of the Dungeon
  4843 | D:5      | Noticed a necrophage
  4986 | D:4      | Killed a necrophage
  4987 | D:4      | Reached skill level 5 in Axes
  4987 | D:4      | Reached XP level 7. HP: 36/44 MP: 7/7
  5315 | D:4      | Reached skill level 5 in Armour
  5881 | D:5      | Noticed a wyvern
  5892 | D:5      | HP: 1/44 [wyvern (7)]
  5893 | D:5      | Killed a wyvern
  5898 | D:5      | Reached skill level 1 in Evocations
  5902 | D:5      | HP: 2/44 [white imp (2)]
  6347 | D:4      | Reached XP level 8. HP: 19/48 MP: 8/8
  6877 | D:5      | Found a sparkling altar of Nemelex Xobeh.
  6959 | D:5      | Found a staircase to the Ecumenical Temple.
  6966 | Temple   | Entered the Ecumenical Temple
  6989 | Temple   | Became a worshipper of Warmaster Okawaru
  7213 | D:6      | Reached skill level 5 in Fighting
  7213 | D:6      | Reached skill level 5 in Shields
  7214 | D:6      | Reached skill level 6 in Axes
  7220 | D:6      | Reached skill level 1 in Invocations
  7738 | D:6      | Gained mutation: Your spells are a little harder to cast,
                  | but a little more powerful. [potion of mutation]
  8241 | D:6      | Identified the +0 pair of gloves of the Sparrow {Dex+2}
  8260 | D:6      | Noticed Menkaure
  8272 | D:6      | Killed Menkaure
  9020 | D:6      | Found a runed translucent door.
  9021 | D:6      | Noticed Crazy Yiuf
  9033 | D:6      | Killed Crazy Yiuf
  9251 | D:6      | Reached * piety under Okawaru
  9380 | D:7      | Reached XP level 9. HP: 51/54 MP: 10/10
  9470 | D:7      | Reached skill level 7 in Axes
  9543 | D:7      | Noticed spaghetti's ghost (novice NaEE)
  9573 | D:7      | Found a runed translucent gate.
  9574 | D:7      | Found a runed translucent gate.
  9877 | D:7      | Found a runed translucent gate.
  9883 | D:7      | Noticed an unseen horror
 10010 | D:7      | Found a shimmering altar of Xom.
 10342 | D:7      | Slain by a killer bee

Illustrated notes

Levels and vault maps discovered:
D:1:      zelgadis_glass_arrival_small, layout_basic,
          dreamdust_ecumenical_altar_statues, minmay_misc_feat_hallway
D:2:      layout_basic, grunt_decor_arrowhead
D:3:      layout_basic, gup_sewer_entry_bowl, uniq_terence
D:4:      layout_basic
D:5:      layout_cave_pools, nemelex_diamond_rough_becter,
          minmay_temple_entry_waves, chequers_serial_rivers_marsh,
          nrook_loot_triangle, minmay_manual_monolith
D:6:      layout_loops_corners, st_stairs_12,
          minmay_a_box_with_orc_wizards_in_it, uniq_menkaure,
          uniq_crazy_yiuf_cottage
D:7:      layout_basic, mainiacjoe_overflow_boulevard, gammafunk_ghost_split,
          hangedman_abyss_or_decor_stagger
D:8:      layout_rooms, nicolae_overflow_hidden_temple
Temple:   eino_wide_crystal_templ

Skill      XL: |  1  2  3  4  5  6  7  8  9 |
---------------+----------------------------+-----
Axes           | 2 3 4 5 6 7 |  7.0
Armour         | 4 5 6 |  6.4
Shields        | 4 5 |  5.5
Fighting       | 4 5 |  5.5
Evocations     | 1 2 3 |  3.0
Invocations    | 2 |  2.9

Action                   |  1- 3 |  4- 6 |  7- 9 || total
-------------------------+-------+-------+-------++-------
Melee: War axe           |    98 |   129 |   222 ||   449
  Use: Scroll            |     4 |     4 |     8 ||    16
       Potion            |       |     1 |     4 ||     5
Armor: Scale mail        |    43 |       |       ||    43
       Chain mail        |     9 |    88 |   239 ||   336
Dodge: Dodged            |    51 |    43 |   118 ||   212
Block: Buckler           |    33 |    58 |   111 ||   202

Table legend: (Time is in decaauts)
 A = Elapsed time spent in this place.
 B = Non-inter-level travel time spent in this place.
 C = Inter-level travel time spent in this place.
 D = Time resting spent in this place.
 E = Time spent auto-exploring this place.
 F = Levels seen in this place.
 G = Mean time per level.
                   A        B        C        D        E       F      G
               +--------+--------+--------+--------+--------+-----+--------+
         Total |  10547 |  10096 |    451 |   3746 |   4742 |  10 | 1054.7 |
       Dungeon |   9887 |   9450 |    437 |   3373 |   4601 |   8 | 1235.9 |
        Temple |     40 |     26 |     14 |      0 |     10 |   1 |   40.0 |
         Sewer |    619 |    619 |      0 |    373 |    131 |   1 |  619.0 |
               +--------+--------+--------+--------+--------+-----+--------+

Top non-repeatable levels by time:
     D:4: 2639 daAuts
     D:6: 2012 daAuts
     D:1: 1458 daAuts
     D:7: 1204 daAuts
     D:5: 1079 daAuts
     D:2: 758 daAuts
     D:3: 721 daAuts
   Sewer: 619 daAuts
  Temple: 40 daAuts
     D:8: 13 daAuts
